AoeStats
← bs-32

Oasis

510193909Analyzed
2v2 RM · 2d ago on Sep 29, 2026· 81m 15s· 4 players
Game mode
Random Map
Map size
Medium (4 player)
Population
200
Speed
Normal
Resources
Standard
Victory
Conquest
Starting age
Dark Age
Ending age
Imperial Age
RankedLock teamsTeams togetherTeam positionsShared explorationLock speedFull tech treeHidden civsTurbo modeCheats
Victory
Defeat
🇺🇾 Italians · Uruguay
444
+18
🇺🇾 Persians · Uruguay
380
+20
🇮🇹 Burgundians · Italy
506
-20
🇵🇷 Inca · Puerto Rico
452
-18
Navi
0:49 Loom
12:04 Feudal Age
13:00 Double-Bit Axe
13:43 Town Watch
14:34 Wheelbarrow
18:16 Arson
20:08 Horse Collar
20:19 Gold Mining
21:15 Stone Mining
27:02 Castle Age
28:27 Town Patrol
28:43 Hand Cart
29:50 Padded Archer Armor
29:41 Fletching
29:52 Scale Mail Armor
30:03 Forging
31:30 Bow Saw
31:21 Heavy Plow
31:57 Gold Shaft Mining
31:59 Stone Shaft Mining
31:31 Treadmill Crane
33:01 Murder Holes
33:17 Masonry
33:01 Guard Tower
39:35 Imperial Age
37:27 Andean Sling
38:27 Chain Mail Armor
38:48 Iron Casting
38:41 Leather Archer Armor
39:02 Bodkin Arrow
39:54 Ballistics
41:28 Crop Rotation
42:14 Plate Mail Armor
41:47 Arrowslits
44:14 Fabric Shields
45:36 Elite Kamayuk
46:55 Hoardings
52:27 Onager
59:39 Heavy Scorpion
61:26 Siege Engineers
61:57 Keep
61:14 Heated Shot
61:35 Fortified Wall
72:26 Ring Archer Armor
71:57 Bracer
bs-32
13:10 Feudal Age
12:27 Double-Bit Axe
12:29 Horse Collar
18:29 Heavy Plow
18:46 Bow Saw
21:09 Castle Age
25:03 Gold Mining
25:04 Stone Mining
25:41 Husbandry
26:53 Stone Shaft Mining
26:59 Gold Shaft Mining
35:33 Imperial Age
36:15 Two-Man Saw
35:50 Forging
35:41 Scale Mail Armor
35:47 Scale Barding Armor
35:43 Padded Archer Armor
35:34 Fletching
35:39 Elite Coustillier
36:50 Town Watch
36:52 Loom
37:28 Cavalier
41:08 Man-at-Arms
41:26 Paladin
42:31 Long Swordsman
44:25 Crop Rotation
43:29 Two-Handed Swordsman
43:34 Crossbowman
45:26 Iron Casting
45:06 Chain Mail Armor
45:13 Chain Barding Armor
45:27 Town Patrol
47:15 Blast Furnace
48:45 Wheelbarrow
48:49 Capped Ram
51:10 Hand Cart
51:55 Champion
53:14 Plate Mail Armor
53:20 Plate Barding Armor
53:01 Leather Archer Armor
52:45 Bodkin Arrow
71:58 Guilds
74:34 Burgundian Vineyards
martiinniicolas21
12:05 Feudal Age
12:35 Double-Bit Axe
21:48 Castle Age
22:43 Bow Saw
22:17 Horse Collar
24:35 Padded Archer Armor
24:50 Fletching
29:22 Gold Mining
32:16 Thumb Ring
36:33 Imperial Age
34:27 Heavy Plow
35:40 Leather Archer Armor
35:19 Fletching
35:44 Forging
38:18 Wheelbarrow
38:03 Pikeman
38:12 Elite Skirmisher
38:57 Husbandry
38:58 Bodkin Arrow
39:34 Ring Archer Armor
39:06 Scale Mail Armor
40:35 Ballistics
41:16 Chemistry
39:58 Treadmill Crane
41:01 Bracer
41:36 Iron Casting
41:20 Caravan
42:39 Crop Rotation
43:13 Two-Man Saw
44:09 Cavalier
45:07 Chain Mail Armor
45:53 Blast Furnace
44:59 Scale Barding Armor
45:39 Conscription
46:26 Murder Holes
48:17 Hand Cart
48:47 Plate Mail Armor
48:38 Chain Barding Armor
61:56 Elite Genoese Crossbowman
63:00 Silk Road
65:48 Squires
76:06 Masonry
76:43 Plate Barding Armor
DonGato
7:58 Loom
11:06 Feudal Age
11:43 Double-Bit Axe
21:37 Fletching
21:58 Forging
26:28 Castle Age
26:04 Gold Mining
26:05 Stone Mining
25:58 Horse Collar
26:26 Padded Archer Armor
26:27 Scale Mail Armor
26:32 Scale Barding Armor
26:16 Crossbowman
26:20 Elite Skirmisher
26:38 Pikeman
32:49 Bow Saw
41:37 Imperial Age
39:58 Wheelbarrow
39:09 Town Watch
44:07 Elite War Elephant
45:40 Thumb Ring
45:38 Bodkin Arrow
46:20 Iron Casting
47:20 Gold Shaft Mining
47:21 Stone Shaft Mining
47:05 Chain Mail Armor
47:05 Leather Archer Armor
47:23 Heavy Plow
48:52 Blast Furnace
48:32 Leather Archer Armor
48:44 Ballistics
48:35 Masonry
49:56 Town Patrol
50:17 Hand Cart
50:25 Cavalier
51:06 Husbandry
51:30 Bloodlines
50:42 Light Cavalry
55:17 Two-Man Saw
54:51 Ring Archer Armor
54:51 Plate Mail Armor
54:42 Chain Barding Armor
54:47 Conscription
55:05 Hoardings
54:44 Citadels
54:40 Kamandaran
54:27 Halberdier
55:08 Squires
54:54 Arson
56:07 Crop Rotation
55:28 Onager
55:29 Capped Ram
57:32 Caravan
58:06 Coinage
57:52 Guilds
63:42 Savar
71:01 Architecture
Connection lost

Rejoining the realm…

Still unreachable

The connection could not be restored.

Session expired

The server has moved on; the page needs a fresh start.